 Dungeon Crawl Stone Soup version 0.26-a0-572-g753d7e3450 (webtiles) character file.

Game seed: 1272285440948484319

73189 hangingman the Carver (level 15, 0/109 HPs)
             Began as an Octopode Brigand on Aug 21, 2020.
             Was the Champion of Dithmenos.
             Slain by a death yak (13 damage)
             ... on level 5 of the Lair of Beasts.
             The game lasted 01:01:48 (27118 turns).

hangingman the Carver (Octopode Brigand)           Turns: 27118, Time: 01:01:48

Health: 0/109      AC:  9    Str: 30    XL:     15   Next: 42%
Magic:  0/23       EV: 22    Int: 16    God:    Dithmenos [******]
Gold:   1705       SH:  6    Dex: 14    Spells: 4/22 levels left

rFire    x . .     SeeInvis +   G - +5 scimitar (flame)
rCold    . . .     Faith    .   v - +0 buckler
rNeg     . . .     Spirit   +   V - +0 hat {SInv}
rPois    +         Reflect  .   t - amulet of guardian spirit
rElec    +         Harm     .   i - +6 ring of strength
rCorr    +                      x - +6 ring of strength
MR       +....                  F - ring of resist corrosion
Stlth    ++++++++++             J - +4 ring of evasion
HPRegen  0.28/turn              K - ring of the Moon {Wiz rElec rPois rF- Str+4}
MPRegen  0.18/turn              O - +4 ring of protection
                                T - +4 ring of protection
                                (no ring)

@: wreathed by umbra, studying Shields
A: almost no armour, stealthy swim, amphibious, 8 rings, constrict 8, camouflage
1, gelatinous body 1
a: Shadow Step, Shadow Form, Renounce Religion


You were on level 5 of the Lair of Beasts.
You worshipped Dithmenos.
Dithmenos was exalted by your worship.
You visited 3 branches of the dungeon, and saw 19 of its levels.
You also visited: Gauntlet.

You collected 2319 gold pieces.
You spent 614 gold pieces at shops.

Inventory:

Hand Weapons
 a - a +6 dagger of venom
 y - a +3 long sword of holy wrath
 G - a +5 scimitar of flaming (weapon)
Missiles
 b - 65 poisoned darts
 c - 11 curare-tipped darts
 j - 3 silver boomerangs
 p - 32 boomerangs (quivered)
 N - 11 silver javelins
Armour
 v - a +0 buckler (worn)
 V - a +0 hat of see invisible (worn)
Jewellery
 i - a +6 ring of strength (left tentacle)
 k - an uncursed ring of protection from cold
 q - the ring of Jealousy {*Corrode MR+ Int+8 Stlth-}
   (You found it on level 4 of the Lair of Beasts)

   [ring of attention]

   It affects your intelligence (+8).
   It affects your resistance to hostile enchantments.
   It may corrode you when you take damage.
   It makes you less stealthy.
 t - an amulet of guardian spirit (around mantle)
 x - a +6 ring of strength (right tentacle)
 F - a ring of resist corrosion (on tentacle)
 J - a +4 ring of evasion (on tentacle)
 K - the ring of the Moon (on tentacle) {Wiz rElec rPois rF- Str+4}
   (You found it on level 10 of the Dungeon)

   [ring of wizardry]

   It improves your spell success rate.
   It affects your strength (+4).
   It makes you vulnerable to fire.
   It insulates you from electricity.
   It protects you from poison.
 O - a +4 ring of protection (on tentacle)
 R - an uncursed ring of stealth
 T - a +4 ring of protection (on tentacle)
Wands
 g - a wand of polymorph (33)
 u - a wand of paralysis (25)
 w - a wand of digging (12)
 L - a wand of acid (7)
 M - a wand of enslavement (7)
 P - a wand of disintegration (29)
 X - a wand of flame (16)
 Z - a wand of iceblast (6)
Scrolls
 e - 2 scrolls of enchant weapon
 h - 8 scrolls of remove curse
 r - 4 scrolls of magic mapping
 A - 7 scrolls of teleportation
 B - a scroll of silence
 D - a scroll of summoning
 E - a scroll of fog
 Q - 6 scrolls of identify
 S - a scroll of fear
Potions
 d - 16 potions of curing
 f - a potion of heal wounds
 l - 2 potions of flight
 m - a potion of stabbing
 n - 4 potions of brilliance
 o - 2 potions of might
 s - a potion of invisibility
 z - 2 potions of resistance
 C - 3 potions of haste
 H - 4 potions of lignification
 I - 2 potions of cancellation
Books
 W - a manual of Shields
Miscellaneous
 U - a phantom mirror


   Skills:
 - Level 12.4 Fighting
 - Level 5.8(10.1) Short Blades
 - Level 12.6(13.0) Long Blades
 - Level 5.0 Throwing
 - Level 8.2 Dodging
 - Level 12.5 Stealth
 + Level 9.1 Shields
 - Level 4.0 Spellcasting
 - Level 2.0 Conjurations
 - Level 6.4 Necromancy
 - Level 2.0 Translocations
 - Level 1.2 Fire Magic
 - Level 2.0 Air Magic
 - Level 4.0 Earth Magic
 - Level 2.0 Poison Magic
 - Level 11.3 Invocations
 - Level 8.1 Evocations


You had 4 spell levels left.
You knew the following spells:

 Your Spells              Type           Power        Failure   Level
a - Blink                 Tloc           N/A          4%          2
b - Mephitic Cloud        Conj/Pois/Air  #.......     9%          3
c - Conjure Flame         Conj/Fire      #.......     11%         3
d - Borgnjor's Vile Clut  Necr/Erth      ###.......   22%         5
e - Silence               Hex/Air        #.........   73%         5

Your spell library contained the following spells:

 Spells                   Type           Power        Failure   Level
 Magic Dart               Conj           #...         3%          1
 Corona                   Hex            #......      7%          1
 Call Imp                 Summ           #.......     11%         2
 Ensorcelled Hibernation  Hex/Ice        #.....       11%         2
 Slow                     Hex            #.......     11%         2
 Portal Projectile        Hex/Tloc       #.....       13%         3
 Inner Flame              Hex/Fire       #.......     16%         3
 Leda's Liquefaction      Hex/Erth       #.........   28%         4
 Cause Fear               Hex            #.........   52%         4
 Shadow Creatures         Summ           N/A          100%        6


Dungeon Overview and Level Annotations

Branches:
Dungeon (11/15)            Temple (0/1) D:6            Lair (6/6) D:8
  Swamp (0/4) Lair:2        Snake (0/4) Lair:4        Slime (0/5) Lair:5
    Orc (2/2) D:9             Elf (0/3) Orc:2       Gauntlet (visited)

Altars:
Ashenzari
Cheibriados
Dithmenos
Elyvilon
Fedhas
Hepliaklqana
Kikubaaqudgha
Nemelex Xobeh
Okawaru
Trog
Vehumet
Yredelemnul
The Shining One
Beogh
Jiyva

Shops:
D:8 *   Orc:2 [!(*

Annotations:
Lair:3 3 runed translucent doors, Gargoyl's ghost, journeyman GnAK
Lair:4 exclusion: 4 oklob plants
Lair:6 exclusion: oklob plant


Innate Abilities, Weirdness & Mutations

You cannot wear most types of armour.
You are very stealthy in the water. (Stealth+)
You are amphibious.
You can wear up to eight rings at the same time.
You can use your tentacles to constrict eight enemies at once.
Your skin changes colour to match your surroundings (Stealth+).
Your rubbery body absorbs attacks. (AC +1, EV +1)


Message History

* * * LOW HITPOINT WARNING * * *
There is a stone staircase leading up here.
You block the death yak's attack.
You climb upwards.
There is a stone staircase leading down here.
You hit the death yak. You burn the death yak. You squeeze the death yak.
The death yak is lightly wounded.
The death yak closely misses you.
You hit the death yak but do no damage. You squeeze the death yak.
The death yak is lightly wounded.
You hit the death yak. You burn the death yak.
The death yak is lightly wounded.
Your shadow hits the death yak with a scimitar.
The death yak gores you!!
* * * LOW HITPOINT WARNING * * *
You slice the death yak!! You burn the death yak. You squeeze the death yak!
The death yak is severely wounded.
Your shadow hits the death yak with a scimitar.
The death yak gores you!
You die...

...........#.......#.........#...
..................#.#.PP......#..
.#.##......#.......#.....P...#.#.
###.###...#......#..P..#>....##..
.....#................#.......###
....##................P.........#
.....##..........................
......#.....##....P..............
.....##....####.@Y...............
..........## ##..#..............
.........#### ##....##....P..#...
.........)#.###.#.P....#.P..#....
##.........##.......###.#........
.............#.....## ##.........
.............P......# #.........
..........#.......######........#
#...........#..........PP........


You could see a death yak.

Vanquished Creatures
  Gastronok (Lair:2)
  Kirke (Lair:4)
  2 orc warlords (Orc:2)
  A reaper (Gauntlet)
  A dire elephant (Lair:3)
  A minotaur (Gauntlet)
  Josephine (Lair:6)
  Fannar (Lair:3)
  3 hydras
  Erolcha (D:10)
  Harold (D:7)
  Erica (D:8)
  A death knight (D:9)
  2 catoblepae (Lair:6)
  3 two-headed ogres
  7 death yaks
  4 orc high priests (Orc:2)
  Nergalle (D:10)
  Sonja (Lair:3)
  An unseen horror (D:10)
  4 orc knights (Orc:2)
  4 orc sorcerers
  A lindwurm (Lair:3)
  3 ugly things
  An elephant (Lair:3)
  2 cyclopes (Orc:2)
  A centaur zombie (D:11)
  5 black mambas
  4 torpor snails (Lair:1)
  2 gargoyles
  8 cane toads
  Maggie (Lair:2)
  4 centaur skeletons
  3 rime drakes
  An efreet (Gauntlet)
  2 freezing wraiths (D:9)
  7 komodo dragons
  2 polar bears
  5 trolls
  A slime creature (D:10)
  30 blink frogs
  8 hippogriffs
  5 wyverns
  7 wraiths
  A spriggan (Lair:3)
  2 fire elementals (Gauntlet)
  30 yaks
  Grum (D:11)
  A basilisk (Lair:1)
  A steam dragon (Lair:4)
  3 hogs (Lair:4)
  4 vampire mosquitoes (Lair:2)
  A warg (Orc:1)
  2 nagas (Lair:4)
  A hell hound (Gauntlet)
  5 porcupines
  11 water moccasins
  31 orc warriors
  5 black bears
  2 sky beasts
  A hornet zombie (D:8)
  3 ice beasts
  12 ogres
  5 phantoms
  25 wolves
  5 centaurs
  8 crocodiles
  2 big kobolds (D:9)
  A gnoll sergeant (D:9)
  15 bullfrogs
  2 scorpions
  8 killer bees
  9 howler monkeys
  3 wights (D:9)
  An electric eel (Lair:4)
  2 bullfrog zombies
  A gnoll shaman (D:9)
  15 hounds
  19 orc wizards
  22 orc priests
  4 jellies
  A bullfrog skeleton (D:10)
  6 iguanas
  9 worker ants
  A hound zombie (D:3)
  A hound skeleton (D:10)
  2 howler monkey zombies
  9 gnolls
  8 adders
  2 shadow imps
  A white imp (D:9)
  2 ufetubi
  An ooze (D:3)
  4 adder skeletons
  An adder zombie (D:6)
  2 worms
  3 leopard geckos
  103 orcs
  A ball python (D:2)
  7 bats
  4 giant cockroaches
  11 goblins
  9 hobgoblins
  25 jackals
  3 quokkas
  7 frilled lizards
  7 kobolds
  A leopard gecko skeleton (D:9)
  2 quokka skeletons
  3 rats
  A fungus (Lair:3)
647 creatures vanquished.

Vanquished Creatures (collateral kills)
  A two-headed ogre (Orc:2)
  An orc warrior (Orc:2)
2 creatures vanquished.

Vanquished Creatures (others)
  25 fungi
  90 plants
  12 toadstools (Lair:3)
127 creatures vanquished.

Grand Total: 776 creatures vanquished

Notes
Turn   | Place    | Note
-------+----------+-------------------------------------------
     0 | D:1      | hangingman the Octopode Brigand began the quest for the
                  | Orb.
     0 | D:1      | Reached XP level 1. HP: 14/14 MP: 1/1
   194 | D:1      | Reached XP level 2. HP: 15/19 MP: 2/2
   799 | D:1      | Reached XP level 3. HP: 24/24 MP: 3/3
  1841 | D:2      | Reached XP level 4. HP: 29/29 MP: 4/4
  2309 | D:3      | Reached skill level 5 in Throwing
  2317 | D:3      | Reached XP level 5. HP: 24/34 MP: 5/5
  3108 | D:3      | Found a shadowy altar of Dithmenos.
  3109 | D:3      | Found a sparkling altar of Nemelex Xobeh.
  3109 | D:3      | Found an ancient bone altar of Kikubaaqudgha.
  3149 | D:3      | You fall into a shaft and drop 2 floors!
  3149 | D:5      | Entered Level 5 of the Dungeon
  3149 | D:5      | Found a bloodstained altar of Trog.
  3152 | D:5      | Got a dazzling rapier
  3153 | D:5      | Identified the cursed +1 rapier of Kismet {elec, +Fly} (You
                  | found it on level 5 of the Dungeon)
  3181 | D:4      | Reached XP level 6. HP: 39/39 MP: 6/6
  3785 | D:4      | Reached skill level 5 in Short Blades
  3842 | D:4      | You fall into a shaft and drop 2 floors!
  3922 | D:4      | Reached XP level 7. HP: 45/45 MP: 7/7
  3997 | D:3      | Became a worshipper of Dithmenos the Shadowed
  5008 | D:5      | Reached skill level 5 in Fighting
  5212 | D:5      | Found a white marble altar of Elyvilon.
  5373 | D:5      | Found an iron altar of Okawaru.
  5393 | D:5      | Found a glowing golden altar of the Shining One.
  5426 | D:5      | Reached XP level 8. HP: 55/55 MP: 8/8
  5654 | D:5      | Found a basalt altar of Yredelemnul.
  5910 | D:6      | Found a staircase to the Ecumenical Temple.
  6085 | D:6      | Reached * piety under Dithmenos
  6882 | D:7      | Noticed a hippogriff
  6899 | D:7      | Killed a hippogriff
  7127 | D:7      | Reached XP level 9. HP: 42/61 MP: 9/9
  7130 | D:7      | Reached skill level 5 in Evocations
  7645 | D:7      | Noticed Harold
  7670 | D:7      | Killed Harold
  7925 | D:7      | Reached skill level 1 in Long Blades
  8263 | D:8      | Found a radiant altar of Vehumet.
  8270 | D:8      | Found a staircase to the Lair.
  8280 | D:8      | Reached skill level 5 in Long Blades
  8429 | D:8      | Found a snail-covered altar of Cheibriados.
  8642 | D:8      | Learned a level 2 spell: Blink
  8646 | D:8      | Learned a level 3 spell: Mephitic Cloud
  8868 | D:8      | Reached skill level 1 in Poison Magic
  8868 | D:8      | Reached XP level 10. HP: 25/66 MP: 9/11
  9135 | D:8      | Reached skill level 1 in Conjurations
  9135 | D:8      | Reached skill level 1 in Translocations
  9135 | D:8      | Reached skill level 1 in Air Magic
  9247 | D:8      | Noticed Erica
  9249 | D:8      | Killed Erica
  9365 | D:8      | Found Nuoquseg's General Store.
  9371 | D:8      | Bought a scroll of identify for 24 gold pieces
  9498 | D:9      | Noticed a death knight
  9572 | D:9      | Reached ** piety under Dithmenos
  9596 | D:9      | Found a shattered altar of Ashenzari.
 10039 | D:9      | HP: 3/66 [poisoned by a killer bee]
 10518 | D:9      | Killed a death knight
 10577 | D:9      | Reached skill level 10 in Long Blades
 11362 | D:9      | Reached XP level 11. HP: 71/71 MP: 17/17
 11397 | D:9      | Reached skill level 1 in Shields
 11571 | D:9      | Reached *** piety under Dithmenos
 12658 | D:9      | HP: 1/72 [orc warrior/boomerang (20)]
 13064 | D:9      | Found a staircase to the Orcish Mines.
 13137 | D:10     | Entered Level 10 of the Dungeon
 13372 | D:10     | Got an ancient golden ring
 13388 | D:10     | Noticed Nergalle
 13404 | D:10     | Killed Nergalle
 13592 | D:10     | Identified the ring of the Moon {Wiz rElec rPois rF- Str+4}
                  | (You found it on level 10 of the Dungeon)
 13930 | D:10     | Killed an unseen horror
 13930 | D:10     | Reached skill level 10 in Stealth
 14125 | D:10     | Reached **** piety under Dithmenos
 14205 | D:10     | Noticed Erolcha
 14218 | D:10     | Killed Erolcha
 14633 | D:11     | Noticed a two-headed ogre
 14646 | D:11     | Killed a two-headed ogre
 14657 | D:11     | Noticed a two-headed ogre
 14847 | D:11     | Reached XP level 12. HP: 80/80 MP: 18/18
 15383 | D:10     | Killed a two-headed ogre
 15517 | D:11     | Noticed Grum
 15531 | D:11     | Killed Grum
 16164 | Orc:1    | Entered Level 1 of the Orcish Mines
 16181 | Orc:1    | Reached skill level 5 in Dodging
 16395 | Orc:1    | Found a roughly hewn altar of Beogh.
 16520 | Orc:2    | Entered Level 2 of the Orcish Mines
 16553 | Orc:2    | Noticed a two-headed ogre
 16569 | Orc:1    | Reached ***** piety under Dithmenos
 16574 | Orc:1    | Killed a two-headed ogre
 16589 | Orc:2    | Reached skill level 1 in Invocations
 16700 | Orc:2    | Learned a level 3 spell: Conjure Flame
 16901 | Orc:1    | Reached skill level 1 in Fire Magic
 16994 | Orc:2    | Noticed an orc warlord
 17001 | Orc:2    | Killed an orc warlord
 17120 | Orc:2    | Found a roughly hewn altar of Beogh.
 17194 | Orc:2    | Reached skill level 5 in Invocations
 17255 | Orc:2    | Found Keasm's Antique Armour Emporium.
 17272 | Orc:2    | Found Pesiot's Distillery.
 17272 | Orc:2    | Noticed a two-headed ogre
 17279 | Orc:2    | Killed a two-headed ogre
 17304 | Orc:2    | Bought a potion of haste for 140 gold pieces
 17304 | Orc:2    | Bought a potion of lignification for 42 gold pieces
 17529 | Orc:2    | Reached XP level 13. HP: 88/88 MP: 19/19
 18135 | Orc:2    | Found Duofex's Weapon Shop.
 18682 | Orc:2    | Found a staircase to the Elven Halls.
 18756 | Orc:2    | Noticed an orc warlord
 18767 | Orc:2    | Found a roughly hewn altar of Beogh.
 18805 | Orc:2    | Killed an orc warlord
 19099 | Orc:2    | Found Juypnein's General Store.
 19134 | Orc:2    | Bought a scroll of identify for 24 gold pieces
 19135 | Orc:2    | Bought a scroll of identify for 24 gold pieces
 19515 | Orc:2    | Bought a phantom mirror for 360 gold pieces
 19662 | Lair:1   | Entered Level 1 of the Lair of Beasts
 19913 | Lair:1   | Found a snail-covered altar of Cheibriados.
 19916 | Lair:1   | Reached ****** piety under Dithmenos
 20157 | Lair:1   | Reached skill level 10 in Fighting
 21012 | Lair:2   | Noticed Maggie
 21016 | Lair:2   | Noticed Gastronok
 21326 | Lair:2   | Found a staircase to the Swamp.
 21619 | Lair:2   | Killed Gastronok
 21619 | Lair:2   | Reached XP level 14. HP: 30/101 MP: 16/21
 21624 | Lair:2   | Killed Maggie
 22859 | Lair:3   | Found a runed translucent gate.
 22859 | Lair:3   | Found a runed translucent gate.
 22861 | Lair:3   | Noticed Gargoyl's ghost (journeyman GnAK)
 22862 | Lair:3   | Found a runed translucent gate.
 22863 | Lair:3   | Found a viscous altar of Jiyva.
 22868 | Lair:3   | Found a hazy altar of Hepliaklqana.
 22954 | Lair:3   | Noticed Fannar
 22968 | Lair:3   | Killed Fannar
 22995 | Lair:3   | Noticed a dire elephant
 23017 | Lair:3   | Found a runed translucent door.
 23123 | Lair:3   | Noticed Sonja
 23130 | Lair:3   | Killed Sonja
 23638 | Lair:3   | Killed a dire elephant
 23638 | Lair:3   | Reached skill level 10 in Invocations
 23651 | Lair:3   | Learned a level 5 spell: Borgnjor's Vile Clutch
 23864 | Lair:4   | Found a staircase to the Snake Pit.
 24149 | Lair:4   | Got a coiled turquoise ring
 24161 | Lair:4   | Noticed Kirke
 24182 | Lair:4   | Identified the ring of Jealousy {*Corrode MR+ Int+8 Stlth-}
                  | (You found it on level 4 of the Lair of Beasts)
 24189 | Lair:4   | Learned a level 5 spell: Silence
 24497 | Lair:4   | Killed Kirke
 24804 | Lair:5   | Found a gate leading to a gauntlet.
 24809 | Lair:5   | Reached skill level 1 in Necromancy
 24809 | Lair:5   | Reached skill level 1 in Earth Magic
 24817 | Gauntlet | Entered a Gauntlet
 24817 | Gauntlet | Found a transporter.
 24817 | Gauntlet | Noticed a reaper
 24823 | Gauntlet | Found a transporter.
 24840 | Gauntlet | Got a heavily runed hat
 24847 | Gauntlet | Killed a reaper
 24867 | Gauntlet | Found a transporter.
 24902 | Gauntlet | Identified the cursed +0 hat of Xus Duko {-Cast rElec rC++
                  | Regen+} (You found it in a Gauntlet)
 24930 | Gauntlet | Found a transporter.
 24945 | Gauntlet | Got a faintly humming helmet
 25439 | Lair:5   | Reached XP level 15. HP: 109/109 MP: 23/23
 25657 | Lair:5   | Found a viscous altar of Jiyva.
 25657 | Lair:5   | Found a staircase to the Slime Pits.
 25877 | Lair:6   | Entered Level 6 of the Lair of Beasts
 25906 | Lair:6   | Reached skill level 5 in Necromancy
 26490 | Lair:6   | Identified a scroll of acquirement
 26491 | Lair:6   | Acquired a manual of Shields
 26534 | Lair:6   | Reached skill level 5 in Shields
 26544 | Lair:6   | Noticed Josephine
 26563 | Lair:6   | Killed Josephine
 26735 | Lair:6   | Found a blossoming altar of Fedhas.
 27118 | Lair:5   | Slain by a death yak

Illustrated notes

Levels and vault maps discovered:
D:1:      zelgadis_glass_arrival_large, layout_loops_ring
D:2:      layout_loops_ring, kennysheep_cross_room, corner_web_ring,
          guppyfry_early_orc_mine
D:3:      layout_loops_ring, chequers_temple_overflow_statue_of_worship,
          corexii_corridor_pit, serial_bayou_pond_d
D:4:      cheibrodos_old_hovel, layout_loops_cross, serial_forest,
          infiniplex_forest_clump_diagonal, infiniplex_forest_clump_small,
          infiniplex_forest_clump_C, infiniplex_forest_lined_2,
          infiniplex_forest_side_room, infiniplex_forest_straight_3,
          palyth_stone_intersect
D:5:      layout_rooms, kennysheep_ying_yang, lemuel_round_altar,
          nicolae_overflow_hidden_temple, basic_altar
D:6:      layout_basic, minmay_temple_entry_junction, kennysheep_small_circle
D:7:      layout_basic, minmay_manual_mail, uniq_harold
D:8:      layout_basic, cheibriados_altar_1, lemuel_doored_altar, serial_shops,
          nicolae_shop_trees, minmay_fractal_squares_diagonal_5, uniq_erica
D:9:      kennysheep_housing_project, layout_loops_ring,
          cheibrodos_ashenzari_chains, david_orc_4
D:10:     cheibrodos_fzero, layout_irregular_city, uniq_nergalle, uniq_erolcha
D:11:     layout_cave_pools, uniq_grum
Lair:1:   layout_loops_ring, st_stairs_12, kennysheep_snail_temple
Lair:2:   layout_regular_city, minmay_swamp_entry_swarm, grunt_megastairs_4,
          uniq_maggie, uniq_gastronok
Lair:3:   gammafunk_lair_enchanted_lake, layout_chaotic_city, basic_altar,
          gammafunk_ghost_ooze, st_stairs_4, grunt_forest_stairs_clearing,
          uniq_sonja, uniq_fannar
Lair:4:   layout_small_grid, guppyfry_snake_entry_island, serial_bayou_shore_a,
          minmay_lair_oklob_chamber, uniq_kirke
Lair:5:   layout_misc_corridors, dpeg_slime_entry_enclosed_altar,
          gauntlet_entry_generic
Lair:6:   grunt_lair_end_beastmaster, layout_cave_pods, tgw_fedhas,
          infiniplex_staircase_pool_2, uniq_josephine
Orc:1:    layout_caves, basic_altar
Orc:2:    pubby_orc_utopia

Skill      XL: |  1  2  3  4  5  6  7  8  9 10 11 12 13 14 15 |
---------------+----------------------------------------------+-----
Throwing       | 3 4 5 |  5.0
Short Blades   | 4 5 |  5.8
Fighting       | 5 6 8 11 12 | 12.4
Stealth        | 8 11 12 | 12.5
Evocations     | 4 8 |  8.1
Long Blades    | 6 10 12 | 12.6
Poison Magic   | 1 2 |  2.0
Conjurations   | 2 |  2.0
Translocations | 2 |  2.0
Air Magic      | 2 |  2.0
Spellcasting   | 4 |  4.0
Dodging        | 3 6 8 |  8.2
Shields        | 4 9 |  9.1
Invocations    | 7 9 11 | 11.3
Fire Magic     | 1 |  1.2
Necromancy     | 3 6 |  6.4
Earth Magic    | 4 |  4.0

Action                   |  1- 3 |  4- 6 |  7- 9 | 10-12 | 13-15 || total
-------------------------+-------+-------+-------+-------+-------++-------
Melee: Dagger            |    66 |    93 |    39 |    64 |    39 ||   301
       Constrict         |    17 |    31 |    22 |   105 |    97 ||   272
       Tentacles         |     7 |    24 |    26 |   134 |   189 ||   380
       Rapier            |       |    17 |   140 |     6 |       ||   163
       Scimitar          |       |       |       |   391 |   606 ||   997
Throw: Dart              |     4 |    23 |    14 |    30 |       ||    71
       Boomerang         |       |       |    11 |    43 |     7 ||    61
 Cast: Mephitic Cloud    |       |       |       |     1 |     5 ||     6
       Borgnjor's Vile C |       |       |       |       |     4 ||     4
Invok: Shadow Step       |       |       |       |     1 |     2 ||     3
Evoke: Wand              |       |       |       |     5 |     3 ||     8
  Use: Scroll            |       |    11 |     5 |    12 |     8 ||    36
       Potion            |       |       |       |     4 |     6 ||    10
 Stab: Sleeping          |    11 |     8 |    22 |    34 |    64 ||   139
       Distracted        |       |     1 |       |     9 |     5 ||    15
       Paralysed         |       |       |       |     9 |     3 ||    12
       Confused          |       |       |       |     4 |     5 ||     9
       Petrified         |       |       |       |       |     4 ||     4
       Petrifying        |       |       |       |       |     3 ||     3
Armor: Skin              |     6 |     4 |     3 |    16 |    44 ||    73
Dodge: Dodged            |    50 |    48 |    79 |   316 |   397 ||   890
Block: Buckler           |       |       |       |    50 |   108 ||   158
       Rpst.: Scimitar   |       |       |       |    69 |   120 ||   189

Table legend: (Time is in decaauts)
 A = Elapsed time spent in this place.
 B = Non-inter-level travel time spent in this place.
 C = Inter-level travel time spent in this place.
 D = Time resting spent in this place.
 E = Time spent auto-exploring this place.
 F = Levels seen in this place.
 G = Mean time per level.
                   A        B        C        D        E       F      G
               +--------+--------+--------+--------+--------+-----+--------+
         Total |  26838 |  25868 |    970 |   7906 |  13131 |  20 | 1341.9 |
       Dungeon |  16153 |  15475 |    678 |   5479 |   7433 |  11 | 1468.5 |
          Lair |   6899 |   6725 |    174 |   1030 |   4355 |   6 | 1149.8 |
  Orcish Mines |   3344 |   3227 |    117 |   1134 |   1337 |   2 | 1672.0 |
      Gauntlet |    441 |    441 |      0 |    263 |      6 |   1 |  441.0 |
               +--------+--------+--------+--------+--------+-----+--------+

Top non-repeatable levels by time:
     D:9: 3783 daAuts
   Orc:2: 2712 daAuts
     D:7: 1833 daAuts
    D:10: 1788 daAuts
  Lair:2: 1588 daAuts
     D:8: 1539 daAuts
     D:3: 1421 daAuts
     D:4: 1397 daAuts
  Lair:1: 1280 daAuts
  Lair:6: 1180 daAuts
  Lair:3: 1155 daAuts
  Lair:4: 1051 daAuts
     D:1: 975 daAuts
     D:5: 971 daAuts
     D:2: 959 daAuts
